 Dungeon Crawl Stone Soup version 0.21.1-1-g345015f (webtiles) character file.

21707 wojtek the Severer (level 12, -10/165 HPs)
             Began as a Minotaur Berserker on Mar 11, 2018.
             Was an Elder of Trog.
             Mangled by Kirke
             ... wielding a cursed +0 flail
              (22 damage)
             ... on level 5 of the Lair of Beasts.
             The game lasted 00:18:55 (15532 turns).

wojtek the Severer (Minotaur Berserker)            Turns: 15532, Time: 00:18:55

Health: -10/165    AC:  0    Str: 32    XL:     12   Next: 56%
Magic:  11/11      EV: 18    Int:  4    God:    Trog [****..]
Gold:   935        SH:  0    Dex: 10    Spells: 11/11 levels left

rFire    . . .     SeeInvis .   (weapon currently unavailable)
rCold    . . .     Gourm    .   (shield currently unavailable)
rNeg     . . .     Faith    .   (armour currently unavailable)
rPois    .         Spirit   .   (helmet currently unavailable)
rElec    .         Reflect  .   (cloak currently unavailable)
rCorr    .         Harm     .   (gloves currently unavailable)
MR       .....                  (boots currently unavailable)
Stlth    ..........             (no amulet)
HPRegen  0.37/turn              (ring currently unavailable)
MPRegen  0.12/turn              (ring currently unavailable)

@: berserking (expiring), pig-form, slowed, very quick
A: small, (retaliatory headbutt)
a: Berserk, Trog's Hand, Brothers in Arms, Burn Spellbooks, Renounce Religion


You were on level 5 of the Lair of Beasts.
You worshipped Trog.
Trog was greatly pleased with you.
You were near starving.
You were a filthy swine.
You visited 2 branches of the dungeon, and saw 13 of its levels.

You collected 935 gold pieces.

Inventory:

Hand Weapons
 a - a +0 battleaxe (melded)
 O - a +0 war axe
Missiles
 t - 10 tomahawks (quivered)
Armour
 j - a cursed +0 plate armour
 o - a +0 pair of gloves (melded)
 x - a +0 cloak
 R - the +4 ring mail of Midsummer (melded) {rF+ rCorr Str+2}
   (You found it on level 7 of the Dungeon)

   It affects your strength (+2).
   It protects you from fire.
   It protects you from acid and corrosion.
 U - a scarf of spirit shield (melded)
Jewellery
 d - an uncursed ring of fire {unknown}
 h - a +1 ring of evasion (melded)
 k - a ring of protection from cold (melded)
 q - an uncursed amulet of rage {unknown}
 z - an uncursed amulet of the gourmand {unknown}
 J - an uncursed ring of poison resistance {unknown}
 Q - an uncursed ring of positive energy {unknown}
 T - an uncursed ring of flight {unknown}
Wands
 w - a wand of digging (33)
 y - a wand of acid (13)
 A - a wand of random effects (40)
 B - a wand of disintegration (11)
 G - a wand of flame (52)
 P - a wand of polymorph (5)
 V - a wand of iceblast (22)
Scrolls
 b - 2 scrolls of summoning {unknown}
 e - 10 scrolls of teleportation
 f - 19 scrolls of identify
 l - 2 scrolls of remove curse
 m - 2 scrolls of fog {unknown}
 p - a scroll of fear {unknown}
 u - 3 scrolls of amnesia {unknown}
 v - a scroll of random uselessness {unknown}
 D - 3 scrolls of magic mapping {unknown}
 N - 2 scrolls of immolation {unknown}
 W - a scroll of holy word {unknown}
 X - a scroll of enchant weapon {unknown}
Potions
 g - 7 potions of heal wounds
 i - a potion of lignification {unknown}
 n - 3 potions of magic {unknown}
 r - 2 potions of resistance {unknown}
 s - a potion of ambrosia {unknown}
 C - 2 potions of mutation {unknown}
 E - a potion of brilliance {unknown}
 F - 4 potions of haste {unknown}
 H - 2 potions of cancellation {unknown}
 I - 4 potions of curing {unknown}
 K - 4 potions of degeneration {unknown}
 L - 2 potions of might {unknown}
 M - 3 potions of invisibility {unknown}
Books
 S - a book of Cantrips

   Spells                             Type                      Level
   a - Confusing Touch                Hexes                        1
   b - Animate Skeleton               Necromancy                   1
   c - Summon Small Mammal            Summoning                    1
   d - Apportation                    Translocation                1
   Trog disapproves of the use of such an item.
 Y - a book of Maledictions

   Spells                             Type                      Level
   a - Corona                         Hexes                        1
   b - Ensorcelled Hibernation        Hexes/Ice                    2
   c - Confuse                        Hexes                        3
   d - Tukima's Dance                 Hexes                        3
   e - Dazzling Spray                 Conjuration/Hexes            3
   Trog disapproves of the use of such an item.
Comestibles
 c - 17 rations


   Skills:
 + Level 11.6 Fighting
 * Level 15.8 Axes
 + Level 12.6 Armour
 - Level 9.1 Dodging


You had 11 spell levels left.
You didn't know any spells.

Dungeon Overview and Level Annotations

Branches:
Dungeon (8/15)             Temple (0/1) D:5            Lair (5/6) D:8
 Shoals (0/4) Lair:2        Snake (0/4) Lair:2
  Slime: Lair:5-6

Altars:
Cheibriados

Shops:
D:5 }   D:8 (

Annotations:
D:8 Mgcat's ghost, novice MiBe
Lair:5 Kirke


Innate Abilities, Weirdness & Mutations

((You reflexively headbutt those who attack you in melee.))
((You have a pair of horns on your head.))


Message History

The hog completely misses you. Kirke completely misses you.
You closely miss Kirke.
Kirke is heavily wounded.
The hog closely misses you.
You closely miss Kirke.
Kirke is heavily wounded.
Kirke hits you with a flail!
* * * LOW HITPOINT WARNING * * *
The hog completely misses you.
You bite Kirke!
Kirke is heavily wounded.
The hog barely misses you.
Kirke drinks a potion.
Kirke is healed!
You bite Kirke!
Kirke is heavily wounded.
The hog barely misses you.
You closely miss Kirke.
Kirke is heavily wounded.
Kirke holds her sides and says, "You'll eat dirt beneath my feet."
Kirke hits you with a flail!!
You die...

##....P............. ###.
##.............##..##.#..
#...........#....P...###.
##..............PP....#Y.
##.........##......YY..†.
#..........#......<..Y.#.
#.....#....##........#...
##..............PP.#.....
##......h................
#.......@h...............
#......................(.
#........................
#........................
#........................
##..#......P....Y#...P...
#..#.#.##PP.....##......#
##..#...##......#


You could see Kirke and a hog.

Vanquished Creatures
  A hydra (Lair:4)
  6 death yaks
  A two-headed ogre (D:6)
  Pikel (D:4)
  2 black mambas (Lair:4)
  4 spiny frogs
  A komodo dragon (Lair:3)
  3 polar bears (Lair:3)
  10 blink frogs
  5 hippogriffs
  13 yaks
  2 wyverns
  A hungry ghost (D:7)
  3 hogs (Lair:4)
  4 nagas (Lair:2)
  8 water moccasins
  An orc warrior (D:7)
  6 porcupines
  4 sky beasts
  Duvessa (D:4)
  3 black bears (Lair:3)
  4 slaves (D:4)
  A necrophage (D:8)
  3 phantoms
  2 ice beasts
  2 ogres (D:7)
  11 wolves
  A centaur (D:7)
  2 crocodiles
  2 big kobolds
  8 bullfrogs
  Dowan (D:4)
  A wyvern skeleton (D:5)
  2 scorpions
  3 wights (D:7)
  6 howler monkeys
  3 crimson imps (D:5)
  2 jellies
  An orc priest (D:8)
  A bullfrog skeleton (D:8)
  Crazy Yiuf (D:3)
  7 orc wizards
  A centaur skeleton (D:7)
  An iron imp (D:5)
  Ijyb (D:4)
  4 iguanas
  2 worker ants (D:4)
  A killer bee zombie (D:7)
  2 hound zombies
  2 hound skeletons (D:5)
  A howler monkey zombie (D:5)
  A howler monkey skeleton (D:6)
  9 adders
  A shadow imp (D:5)
  2 oozes
  An adder skeleton (D:6)
  A worm (D:3)
  2 dart slugs
  8 leopard geckos
  26 orcs
  5 bats
  10 giant cockroaches
  5 goblins
  8 hobgoblins
  2 jackals (D:2)
  17 kobolds
  8 quokkas
  A ball python (D:5)
  4 frilled lizards
  A jackal skeleton (D:4)
  A leopard gecko skeleton (D:5)
  2 leopard gecko zombies
  8 rats
  6 fungi
  2 plants
290 creatures vanquished.

Vanquished Creatures (collateral kills)
  3 hydras
  A polar bear (Lair:4)
  A water moccasin (Lair:2)
  A porcupine (Lair:2)
  3 centaurs (Lair:2)
9 creatures vanquished.

Vanquished Creatures (others)
  7 fungi
  10 plants
17 creatures vanquished.

Grand Total: 316 creatures vanquished

Notes
Turn   | Place    | Note
-------+----------+-------------------------------------------
     0 | D:1      | wojtek the Minotaur Berserker began the quest for the Orb.
     0 | D:1      | Reached XP level 1. HP: 19/19 MP: 0/0
    89 | D:1      | Reached skill level 4 in Axes
   139 | D:1      | Reached XP level 2. HP: 26/26 MP: 1/1
   917 | D:1      | Reached ** piety under Trog
  1026 | D:2      | Reached skill level 5 in Axes
  1030 | D:2      | Reached XP level 3. HP: 28/31 MP: 2/2
  1639 | D:3      | Reached XP level 4. HP: 39/39 MP: 3/3
  1862 | D:3      | Reached skill level 6 in Axes
  1885 | D:3      | Reached XP level 5. HP: 16/45 MP: 4/4
  2139 | D:3      | Reached *** piety under Trog
  2490 | D:3      | Found a runed door.
  2494 | D:3      | Noticed Crazy Yiuf
  2497 | D:3      | Killed Crazy Yiuf
  2497 | D:3      | Reached skill level 5 in Armour
  3067 | D:4      | Noticed Duvessa
  3067 | D:4      | Noticed Dowan
  3077 | D:4      | Killed Duvessa
  3077 | D:4      | Reached skill level 7 in Axes
  3077 | D:4      | Reached XP level 6. HP: 51/51 MP: 5/5
  3082 | D:4      | Killed Dowan
  3244 | D:4      | Reached XP level 7. HP: 50/57 MP: 6/6
  3383 | D:4      | Noticed Pikel
  3426 | D:4      | Killed Pikel
  3426 | D:4      | Reached skill level 8 in Axes
  3426 | D:4      | Reached XP level 8. HP: 16/67 MP: 7/7
  3988 | D:4      | Noticed Ijyb
  3995 | D:4      | Killed Ijyb
  4138 | D:5      | Entered Level 5 of the Dungeon
  4168 | D:5      | Reached skill level 5 in Fighting
  4325 | D:5      | Found a staircase to the Ecumenical Temple.
  4337 | D:5      | Reached skill level 9 in Axes
  4488 | D:5      | Reached **** piety under Trog
  4936 | D:5      | Found Comaril's Gadget Boutique.
  4972 | D:5      | Found a snail-covered altar of Cheibriados.
  5551 | D:6      | Reached skill level 5 in Dodging
  6059 | D:6      | Noticed a two-headed ogre
  6059 | D:6      | Reached XP level 9. HP: 77/77 MP: 8/8
  6065 | D:6      | Killed a two-headed ogre
  6065 | D:6      | Reached skill level 10 in Axes
  6697 | D:7      | Reached skill level 11 in Axes
  6712 | D:7      | Got a brightly glowing ring mail
  7018 | D:7      | Reached XP level 10. HP: 77/88 MP: 9/9
  7331 | D:7      | Identified the +4 ring mail of Midsummer {rF+ rCorr Str+2} (You found it on level 7 of the Dungeon)
  7399 | D:8      | Found Biut's Weapon Shoppe.
  7866 | D:8      | Reached ***** piety under Trog
  8189 | D:8      | Noticed Mgcat's ghost (novice MiBe)
  8575 | D:8      | Found a staircase to the Lair.
  8581 | Lair:1   | Entered Level 1 of the Lair of Beasts
  8690 | Lair:1   | Noticed a spiny frog
  8698 | Lair:1   | Killed a spiny frog
  8733 | Lair:1   | Reached skill level 10 in Armour
  8763 | Lair:1   | Reached skill level 12 in Axes
  9932 | Lair:2   | Noticed a seven-headed hydra
  9943 | Lair:2   | Killed an eight-headed hydra
 10031 | Lair:2   | Found a staircase to the Shoals.
 10298 | Lair:2   | Reached XP level 11. HP: 83/97 MP: 10/10
 10349 | Lair:2   | Noticed a six-headed hydra
 10378 | Lair:1   | Reached skill level 13 in Axes
 10996 | Lair:2   | Killed a six-headed hydra
 11174 | Lair:2   | Found a staircase to the Snake Pit.
 11839 | Lair:3   | Reached skill level 10 in Fighting
 12010 | Lair:3   | Reached skill level 14 in Axes
 13552 | Lair:4   | Noticed an eight-headed hydra
 13573 | Lair:4   | Killed an eight-headed hydra
 13824 | Lair:4   | Reached XP level 12. HP: 73/108 MP: 8/11
 14182 | Lair:4   | Noticed a seven-headed hydra
 14190 | Lair:4   | Killed a nine-headed hydra
 14388 | Lair:5   | Reached skill level 15 in Axes
 14637 | Lair:5   | Noticed a death yak
 14637 | Lair:5   | Noticed a death yak
 14637 | Lair:5   | Noticed a death yak
 14638 | Lair:5   | Noticed a death yak
 14647 | Lair:5   | Noticed a death yak
 14682 | Lair:5   | Noticed a death yak
 14691 | Lair:4   | Killed a death yak
 14695 | Lair:4   | Killed a death yak
 15056 | Lair:5   | Noticed Kirke
 15057 | Lair:5   | Killed a death yak
 15084 | Lair:4   | Killed a death yak
 15168 | Lair:4   | Killed a death yak
 15171 | Lair:4   | Killed a death yak
 15532 | Lair:5   | Mangled by Kirke

Skill      XL: |  1  2  3  4  5  6  7  8  9 10 11 12 |
---------------+-------------------------------------+-----
Axes           | 4 5 6 7 8 9 11 12 14 15 | 15.8
Armour         | 3 4 5 6 7 8 9 10 11 12 | 12.6
Fighting       | 4 6 7 9 10 11 | 11.6
Dodging        | 3 5 6 8 9 |  9.1

Action                   |  1- 3 |  4- 6 |  7- 9 | 10-12 || total
-------------------------+-------+-------+-------+-------++-------
Melee: Hand axe          |    79 |       |       |       ||    79
       Headbutt          |    11 |    21 |    40 |    87 ||   159
       War axe           |       |   120 |   288 |   196 ||   604
       Battleaxe         |       |       |       |   210 ||   210
       Unarmed           |       |       |       |    20 ||    20
Invok: Berserk           |       |     1 |     3 |     2 ||     6
       Burn Spellbooks   |       |       |     1 |       ||     1
       Brothers in Arms  |       |       |       |     7 ||     7
Evoke: Wand              |       |       |       |    18 ||    18
  Use: Scroll            |       |     3 |       |       ||     3
 Stab: Distracted        |       |       |       |     1 ||     1
  Eat: Chunk             |     2 |     6 |    10 |    29 ||    47
       Ration            |       |       |     2 |       ||     2
Armor: Animal skin       |     4 |       |       |       ||     4
       Chain mail        |    33 |    55 |   129 |     1 ||   218
       Ring mail         |       |       |       |   145 ||   145
Dodge: Dodged            |    49 |    30 |   136 |   342 ||   557
